 Dungeon Crawl Stone Soup version 0.18-a0-1789-gbeff17f (webtiles) character file.

13592 Ijustatesigmund the Grappler (level 11, 0/113 HPs)
             Began as a Troll Hunter on Apr 21, 2016.
             Was a High Priest of Okawaru.
             Engulfed by a cloud of freezing vapour (20 damage)
             ... in an ice cave.
             The game lasted 00:29:57 (8403 turns).

Ijustatesigmund the Grappler (Troll Hunter)         Turns: 8403, Time: 00:29:57

Health: 0/113      AC: 10    Str: 22    XL:     11   Next: 77%
Magic:  10/10      EV: 12    Int:  7    God:    Okawaru [*****.]
Gold:   650        SH:  0    Dex: 13    Spells: 2 memorised, 8 levels left

rFire  + . .     SeeInvis .       - Unarmed
rCold  . . .     Gourm    +     F - +2 robe {rF+}
rNeg   . . .     Faith    .     (no shield)
rPois  +         Spirit   .     (helmet restricted)
rElec  .         Dismiss  .     o - +2 cloak
rCorr  .         Reflect  .     (gloves unavailable)
SustAt +         Harm     .     (boots unavailable)
MR     .....                    (no amulet)
Stlth  +.........               s - ring of poison resistance
                                a - ring of sustain attributes

@: not resistant to hostile enchantments, very unstealthy
A: unfitting armour, claws 3, fast metabolism 3, gourmand, regeneration 2,
shaggy fur 1, tough skin 2
a: Heroism, Finesse, Renounce Religion


You were in an ice cave.
You worshipped Okawaru.
Okawaru was extremely pleased with you.
You were very full.

You visited 4 branches of the dungeon, and saw 13 of its levels.
You also visited: Ossuary and Ice Cave.

You collected 707 gold pieces.
You spent 57 gold pieces at shops.

Inventory:

Missiles
 c - 5 large rocks (quivered)
 d - 3 throwing nets
 p - 2 poisoned javelins
 K - 6 javelins of returning
Armour
 o - a +2 cloak (worn)
 F - a +2 robe of fire resistance (worn)
Jewellery
 a - a ring of sustain attributes (left claw)
 b - an uncursed ring of ice
 s - a ring of poison resistance (right claw)
Wands
 A - a wand of acid (5/15)
 C - a wand of random effects (0/48)
 G - a wand of random effects (7/48)
Scrolls
 j - 4 scrolls of enchant weapon
 k - 2 scrolls of fog
 q - 2 scrolls of teleportation
 r - 3 scrolls of remove curse
 v - 4 scrolls of identify
 y - a scroll of magic mapping
 D - a scroll of enchant armour
 I - 2 scrolls of amnesia
 J - 2 scrolls of fear
Potions
 l - 3 potions of lignification
 n - 2 potions of resistance
 u - a potion of invisibility
 w - 2 potions of curing
 x - 3 potions of haste
 z - a potion of cure mutation
 B - 2 potions of flight
 E - a potion of cancellation
Books
 e - a book of Battle

   Spells                             Type                      Level
   a - Infusion                       Charms                       1
   b - Shroud of Golubria             Charms/Translocation         2
   c - Song of Slaying                Charms                       2
   d - Spectral Weapon                Hexes/Charms                 3
   e - Regeneration                   Charms/Necromancy            3
 i - a book of Party Tricks

   Spells                             Type                      Level
   a - Summon Butterflies             Summoning                    1
   b - Apportation                    Translocation                1
   c - Tukima's Dance                 Hexes                        3
   d - Alistair's Intoxication        Transmutation/Poison         5
   e - Invisibility                   Hexes                        6
Comestibles
 f - 10 bread rations
 g - 2 royal jellies
 h - 3 beef jerkies
 m - 3 meat rations
 t - 15 fruits


   Skills:
 - Level 8.6 Fighting
 - Level 3.6 Throwing
 + Level 4.7 Dodging
 - Level 0.4 Stealth
 - Level 13.5 Unarmed Combat
 - Level 3.1 Summonings
 - Level 3.5 Translocations


You had 8 spell levels left.
You knew the following spells:

 Your Spells              Type           Power        Failure   Level  Hunger
a - Summon Butterflies    Summ           #.......     14%         1    ##.....
b - Apportation           Tloc           #.........   12%         1    ##.....


Dungeon Overview and Level Annotations

Branches:
Dungeon (10/15)            Temple (1/1) D:6            Lair (1/8) D:10
    Orc (1/2) D:10

Altars:
Ashenzari
Cheibriados
Dithmenos
Elyvilon
Fedhas
Gozag
Kikubaaqudgha
Makhleb
Nemelex Xobeh
Okawaru
Pakellas
Qazlal
Ru
Sif Muna
Trog
Vehumet
Xom
Yredelemnul
Zin
The Shining One

Shops:
D:5 ([([(   D:6 *(   Orc:1 (


Innate Abilities, Weirdness & Mutations

You are too large for most types of armour.
You have claws for hands.
Your metabolism is lightning-fast.
You like to eat raw meat.
You heal very quickly.
You are covered in fur (AC +1).
You have very tough skin (AC +2).


Message History

The wolf howls!
You are engulfed in freezing vapours.
Items here: †††† a yak corpse; a polar bear corpse; a yak corpse; a wolf corpse You are engulfed in freezing vapours.
Things that are here:
a yak corpse; a polar bear corpse You are engulfed in freezing vapours.
The wolf bites you.
* * * LOW HITPOINT WARNING * * *
Items here: †††† a yak corpse; a polar bear corpse; a yak corpse; a wolf corpse You closely miss the wolf.
You are engulfed in freezing vapours.
* * * LOW HITPOINT WARNING * * *
The wolf bites you!
* * * LOW HITPOINT WARNING * * *
The wolf closely misses you.
You scratch the wolf.
The wolf is lightly wounded.
You are engulfed in freezing vapours.
You die...

# ## ## .##
#.## ###
..## ....#
#.## #..#
...# ##§.#
##.##
#.h##§(.##
##.###
#...#@#§§#
#...##
#..†h##§##
##...##
#...###.§#
#.#..##
##.#####.#
# ###.†.#
####.##.#
######.#.#
#.#...#
§§§##.##†##
#####.##
....##.#..#
#.##..#
.##.##.#.##
##.#..##


You could see a wolf.

Vanquished Creatures
  Erolcha (D:9)
  Sonja (Lair:1)
  Pikel (D:3)
  Psyche (D:9)
  11 polar bears (IceCv)
  Grinder (D:4)
  2 two-headed ogres
  2 blink frogs (D:10)
  Prince Ribbit (D:9)
  A shadow (D:9)
  Sigmund (D:2)
  A wyvern (Lair:1)
  13 yaks
  Duvessa (D:6)
  A porcupine (D:10)
  2 sky beasts
  2 slaves (D:4)
  5 orc warriors
  2 black bears
  3 ogres
  9 wolves (IceCv)
  3 big kobolds
  4 elf zombies (Ossuary)
  A wyvern zombie (D:7)
  7 giant frogs
  Dowan (D:6)
  4 scorpions
  3 killer bees (D:8)
  3 wights (D:9)
  4 howler monkeys (D:7)
  The ghost of M4edhros the Grave Robber, a weakling OpNe (D:4)
  2 crimson imps
  2 giant frog zombies
  A quasit (D:10)
  A centaur zombie (Ossuary)
  6 hounds
  A jelly (D:5)
  Crazy Yiuf (D:2)
  3 human zombies (Ossuary)
  11 orc priests
  A giant frog skeleton (D:7)
  12 orc wizards
  Ijyb (D:2)
  Natasha (twice) (D:4)
  5 iguanas
  3 worker ants
  A hound skeleton (D:5)
  3 mummies (Ossuary)
  4 worker ant zombies
  Robin (D:2)
  9 gnolls
  10 adders
  2 shadow imps
  12 white imps (Orc:1)
  4 adder skeletons
  4 adder zombies
  4 worms
  2 dart slugs
  6 giant geckos
  35 orcs
  A ball python (D:6)
  4 giant cockroaches
  17 goblins
  18 hobgoblins
  14 jackals
  28 kobolds
  9 quokkas
  12 bats
  A giant gecko skeleton (D:6)
  7 giant newts
  3 goblin zombies (Ossuary)
  3 hobgoblin zombies (Ossuary)
  A jackal zombie (Ossuary)
  9 kobold zombies (Ossuary)
  3 orc zombies (Ossuary)
  A quokka skeleton (D:6)
  5 quokka zombies
  7 rats
  3 rat zombies (Ossuary)
388 creatures vanquished.

Vanquished Creatures (others)
  2 wolves (IceCv)
2 creatures vanquished.

Grand Total: 390 creatures vanquished

Notes
Turn   | Place    | Note
--------------------------------------------------------------
     0 | D:1      | Ijustatesigmund the Troll Hunter began the quest for the Orb.
     0 | D:1      | Reached XP level 1. HP: 19/19 MP: 0/0
    83 | D:1      | Reached skill level 1 in Unarmed Combat
   160 | D:1      | Reached XP level 2. HP: 28/28 MP: 1/1
   241 | D:1      | Reached skill level 2 in Unarmed Combat
   593 | D:1      | Reached XP level 3. HP: 35/35 MP: 2/2
  1143 | D:2      | Reached skill level 3 in Unarmed Combat
  1157 | D:2      | Noticed Robin
  1177 | D:2      | Reached XP level 4. HP: 42/42 MP: 3/3
  1209 | D:2      | Killed Robin
  1246 | D:2      | Noticed Ijyb
  1257 | D:2      | Killed Ijyb
  1330 | D:2      | Noticed Crazy Yiuf
  1334 | D:2      | Killed Crazy Yiuf
  1334 | D:2      | Reached skill level 4 in Unarmed Combat
  1334 | D:2      | Reached XP level 5. HP: 50/50 MP: 4/4
  1432 | D:2      | Learned a level 1 spell: Summon Butterflies
  1471 | D:2      | Noticed Sigmund
  1477 | D:2      | Killed Sigmund
  1477 | D:2      | Reached skill level 5 in Unarmed Combat
  1477 | D:2      | Reached skill level 1 in Summonings
  1477 | D:2      | Reached XP level 6. HP: 57/61 MP: 5/5
  2385 | D:4      | Found a shimmering altar of Xom.
  2392 | D:4      | Noticed a slave
  2403 | D:4      | Killed a slave
  2406 | D:4      | Noticed a slave
  2408 | D:4      | Noticed Pikel
  2411 | D:4      | Noticed a slave
  2414 | D:4      | Noticed a slave
  2418 | D:4      | Killed a slave
  2505 | D:3      | Killed Pikel
  2505 | D:3      | Reached skill level 6 in Unarmed Combat
  2505 | D:3      | Reached XP level 7. HP: 40/70 MP: 6/6
  2611 | D:4      | Noticed Natasha
  2619 | D:4      | Killed Natasha
  2631 | D:4      | Noticed Grinder
  2643 | D:4      | Killed Grinder
  2643 | D:4      | Reached skill level 7 in Unarmed Combat
  2643 | D:4      | Reached XP level 8. HP: 57/79 MP: 7/7
  2759 | D:4      | Noticed M4edhros's ghost (weakling OpNe)
  2762 | D:4      | Killed M4edhros's ghost
  2802 | D:4      | Noticed Natasha
  2809 | D:4      | Killed Natasha
  2941 | D:5      | Entered Level 5 of the Dungeon
  2960 | D:5      | Found Topiu's Antique Weapon Shop.
  3001 | D:5      | Found Ukkauk's Armour Shoppe.
  3283 | D:5      | Found Feats's Antique Weapon Boutique.
  3547 | D:5      | Found Kywied's Weapon Shoppe.
  3642 | D:5      | Found Vusyxof's Armour Shop.
  3733 | D:6      | Found Zefal's Antique Weapon Shop.
  3739 | D:6      | Reached skill level 5 in Fighting
  3739 | D:6      | Reached skill level 8 in Unarmed Combat
  3931 | D:6      | Found Lase's Assorted Antiques.
  3963 | D:6      | Bought an amethyst potion for 18 gold pieces
  3963 | D:6      | Bought a golden potion for 18 gold pieces
  3963 | D:6      | Bought a scroll labeled NACIASOINI for 21 gold pieces
  4011 | D:6      | Found a staircase to the Ecumenical Temple.
  4049 | Temple   | Entered the Ecumenical Temple
  4057 | Temple   | Became a worshipper of Warmaster Okawaru
  4135 | D:6      | Found a sacrificial altar of Ru.
  4136 | D:6      | Reached XP level 9. HP: 74/88 MP: 8/8
  4216 | D:6      | Noticed Dowan
  4219 | D:6      | Noticed Duvessa
  4223 | D:6      | Killed Duvessa
  4223 | D:6      | Reached skill level 9 in Unarmed Combat
  4235 | D:6      | Killed Dowan
  4614 | D:7      | Reached * piety under Okawaru
  4723 | D:7      | Found a sand-covered staircase.
  4731 | Ossuary  | Entered an ossuary
  4801 | Ossuary  | Reached skill level 10 in Unarmed Combat
  4961 | Ossuary  | Identified a scroll of acquirement
  5423 | D:7      | Reached ** piety under Okawaru
  5439 | D:7      | Found a glowing golden altar of the Shining One.
  5800 | D:8      | Found a glowing silver altar of Zin.
  5806 | D:8      | Found a glowing golden altar of the Shining One.
  5810 | D:8      | Reached skill level 11 in Unarmed Combat
  5869 | D:8      | Reached XP level 10. HP: 67/100 MP: 9/9
  6641 | D:9      | Reached *** piety under Okawaru
  6857 | D:9      | Noticed Erolcha
  6869 | D:9      | Killed Erolcha
  6869 | D:9      | Reached **** piety under Okawaru
  6869 | D:9      | Reached skill level 12 in Unarmed Combat
  6899 | D:9      | Noticed Psyche
  6904 | D:9      | Killed Psyche
  7021 | D:9      | Noticed Prince Ribbit
  7027 | D:9      | Killed Prince Ribbit
  7084 | D:10     | Entered Level 10 of the Dungeon
  7155 | D:10     | Found a staircase to the Lair.
  7167 | Lair:1   | Entered Level 1 of the Lair of Beasts
  7167 | Lair:1   | Noticed Sonja
  7170 | Lair:1   | Reached XP level 11. HP: 88/111 MP: 7/10
  7186 | Lair:1   | Killed Sonja
  7186 | Lair:1   | Reached ***** piety under Okawaru
  7186 | Lair:1   | Reached skill level 13 in Unarmed Combat
  7404 | D:10     | Found a staircase to the Orcish Mines.
  7416 | Orc:1    | Entered Level 1 of the Orcish Mines
  7416 | Orc:1    | Found Ciffefoe's Antique Weapon Shop.
  7650 | Orc:1    | Found a frozen archway.
  7686 | IceCv    | Entered an ice cave
  7795 | IceCv    | Learned a level 1 spell: Apportation
  7810 | IceCv    | Reached skill level 1 in Translocations
  8116 | IceCv    | Received a gift from Okawaru
  8273 | IceCv    | Received a gift from Okawaru
  8403 | IceCv    | Engulfed by a cloud of freezing vapour

Vault maps used:
D:1:      dpeg_arrival_brainrot, minmay_close_crescents
D:2:      uniq_sigmund, uniq_crazy_yiuf_cottage, uniq_iyjb, uniq_robin
D:4:      xom_teletrap_fun, uniq_natasha, uniq_pikel, uniq_grinder
D:5:      serial_shops, shop, shop, nicolae_shop_crystal, shop_fountains,
          nicolae_shop_waterfront, first_bread
D:6:      minmay_temple_entry_water_ring, serial_shops, nicolae_shop_stone,
          nicolae_shop_statue_plus, basic_altar, grunt_ministairs_12,
          uniq_duvessa
D:7:      enter_ossuary_4, tso_metal_star
D:8:      grunt_temple_overflow_open
D:9:      uniq_psyche, uniq_prince_ribbit1, uniq_erolcha
D:10:     dpeg_lair_monsters, orc_0_dummy, uniq_joseph
Temple:   nicolae_temple_no_exploring_needed
Lair:1:   uniq_sonja
Orc:1:    portal_ice_cave_entry_imps, serial_shops, nicolae_shop_trees
Ossuary:  minmay_ossuary_two_tombs
IceCv:    ice_cave_caverns_03

Skill      XL: |  1  2  3  4  5  6  7  8  9 10 11 |
---------------+----------------------------------+-----
Unarmed Combat | 1 2 3 4 5 6 7 8 11 12 13 | 13.5
Fighting       | 2 3 4 5 6 8 |  8.6
Summonings     | 1 2 3 |  3.1
Translocations | 3 |  3.5
Dodging        | 4 |  4.7
Throwing       | |  3.6
Stealth        | |  0.4

Action                   |  1- 3 |  4- 6 |  7- 9 | 10-12 || total
-------------------------+-------+-------+-------+-------++-------
Melee: Unarmed           |   137 |   182 |   443 |   337 ||  1099
       Punch             |       |     2 |    19 |    19 ||    40
Throw: Large rock        |       |     6 |     9 |     9 ||    24
       Throwing net      |       |       |     2 |       ||     2
Invok: Heroism           |       |       |     1 |     9 ||    10
Evoke: Wand              |       |       |       |    12 ||    12
  Use: Scroll            |     2 |    10 |    12 |     5 ||    29
       Potion            |     1 |     2 |     1 |     3 ||     7
 Stab: Sleeping          |     1 |       |     3 |     2 ||     6
       Distracted        |       |       |       |     1 ||     1
       Invisible         |       |       |       |    14 ||    14
  Eat: Chunk             |    16 |    10 |    34 |    22 ||    82
Armor: Robe              |    40 |    89 |   202 |   168 ||   499
       Skin              |     6 |     8 |       |       ||    14
Dodge: Dodged            |    65 |    83 |   191 |   201 ||   540
